 Dungeon Crawl Stone Soup version 0.29-a0-732-g3d7fbe0af2 (webtiles) character file.

Game seed: 12305027966831243641

135 blackman the Chopper (level 5, 0/45 HPs)
             Began as a Hill Orc Monk on June 29, 2022.
             Slain by an orc
             ... wielding a +0 flail
              (8 damage)
             ... on level 4 of the Dungeon.
             The game lasted 00:06:00 (3882 turns).

blackman the Chopper (Hill Orc Monk)                Turns: 3882, Time: 00:06:00

Health: 0/45       AC:  3    Str: 22    XL:     5   Next: 18%
Magic:  5/5        EV: 12    Int: 10    God:
Gold:   164        SH:  0    Dex: 13    Spells: 4/4 levels left

rFire   + . .      SeeInvis .   t - +2 flail (vorpal)
rCold   . . .      Faith    .   (no shield)
rNeg    . . .      Spirit   .   b - +0 robe
rPois   .          Reflect  .   (no helmet)
rElec   .          Harm     .   s - +0 cloak
rCorr   .          Rampage  .   (no gloves)
Will    .....                   (no boots)
Stlth   ++........              (no amulet)
HPRegen 0.15/turn               f - +6 ring of strength
MPRegen 0.09/turn               g - ring of protection from fire

@: no status effects
A: no striking features
a: no special abilities


You were on level 4 of the Dungeon.
You visited 1 branch of the dungeon, and saw 4 of its levels.

You collected 164 gold pieces.

Inventory:

Hand Weapons
 a - a +0 hand axe
 h - a +0 spear
 q - a +2 vorpal hammer
 t - a +2 vorpal flail (weapon)
Missiles
 p - 4 poisoned darts (quivered)
Armour
 b - a +0 robe (worn)
 s - a +0 cloak (worn)
Jewellery
 f - a +6 ring of strength (left hand)
 g - a ring of protection from fire (right hand)
 r - a ring of flight
Scrolls
 d - a scroll of teleportation
 e - a scroll of fog {unknown}
 l - a scroll of fear {unknown}
 m - a scroll of vulnerability
 n - a scroll of silence
 u - 2 scrolls of magic mapping {unknown}
 v - a scroll of brand weapon {unknown}
 w - a scroll of amnesia {unknown}
Potions
 c - a potion of ambrosia
 i - a potion of haste {unknown}
 j - 2 potions of attraction {unknown}
 k - 2 potions of heal wounds {unknown}
 o - a potion of curing {unknown}


   Skills:
 - Level 3.6 Fighting
 * Level 7.5 Axes
 - Level 2.4 Dodging
 - Level 1.5 Stealth


You had 4 spell levels left.
You didn't know any spells.
Your spell library contained the following spells:

 Spells                   Type           Power      Damage    Failure   Level
 Dazzling Flash           Conj/Hex       0%         N/A       75%         3
 Gell's Gravitas          Tloc           0%         N/A       75%         3
 Lesser Beckoning         Tloc           0%         N/A       75%         3
 Teleport Other           Tloc           0%         N/A       75%         3
 Agony                    Necr           0%         N/A       100%        5
 Silence                  Hex/Air        0%         N/A       100%        5


Dungeon Overview and Level Annotations

Branches:
Dungeon (4/15)
 Temple: D:4-7

Altars:
Wu Jian
Yredelemnul


Message History

Jessica is almost dead.
Jessica casts a spell at you. You resist with some effort.
You sock Jessica!
You kill Jessica!
You have reached level 5!
You feel stronger.
Things that are here:
a +0 dagger; a +0 robe; the human corpse of Jessica
w - a scroll labelled NOLUKL DUON You pick up a book of the Senses and begin reading...
You add the spells Dazzling Flash, Agony and Silence to your library.
There is a stone staircase leading down here.
You climb downwards.
There is a stone staircase leading up here.
You open the door.
There is an open door here.
You open the door. 5 orcs come into view.
The orc shouts! x5
Found an escape hatch in the ceiling.
There are monsters nearby!
You barely miss the orc. The orc hits you with a +0 flail!
You barely miss the orc. You closely miss the orc.
The orc hits you with a +0 flail.
The orc throws a boomerang.
The boomerang hits you.
You sock the orc!
You kill the orc!
The orc hits you with a +0 flail!
The orc throws a boomerang.
The boomerang hits you.
You are too injured to fight recklessly!
The orc hits you with a +0 flail.
The orc throws a boomerang.
The boomerang hits you.
* * * LOW HITPOINT WARNING * * *
There is an open door here.
The orc attacks as you move away! The orc closely misses you.
The orc hits you with a +0 flail.
* * * LOW HITPOINT WARNING * * *
The orc hits you with a +0 flail!
You die...

##<## #...#
#.8. .o.
#.#
##'#######
#).o##o..##
+.8.'o.8.<#
#...##o@.##
##+#######


You could see 4 orcs.

Vanquished Creatures
  Jessica (D:3)
  Crazy Yiuf (D:2)
  3 adders
  A gnoll (D:1)
  A worm (D:2)
  A dart slug (D:2)
  3 orcs
  A bat (D:3)
  4 endoplasms
  2 giant cockroaches
  3 goblins
  4 hobgoblins
  A quokka (D:2)
  2 ball pythons (D:1)
  3 frilled lizards
  4 kobolds
  9 rats
44 creatures vanquished.

Notes
Turn   | Place    | Note
-------+----------+-------------------------------------------
     0 | D:1      | blackman the Hill Orc Monk began the quest for the Orb.
     0 | D:1      | Reached XP level 1. HP: 19/19 MP: 1/1
   963 | D:1      | Reached XP level 2. HP: 25/26 MP: 2/2
  1434 | D:1      | Reached skill level 5 in Axes
  1874 | D:2      | Reached XP level 3. HP: 17/31 MP: 3/3
  2047 | D:2      | Found a basalt altar of Yredelemnul.
  2126 | D:2      | Reached skill level 6 in Axes
  2416 | D:2      | Found a runed translucent door.
  2417 | D:2      | Noticed Crazy Yiuf
  2427 | D:2      | Killed Crazy Yiuf
  2428 | D:2      | Reached XP level 4. HP: 8/39 MP: 4/4
  3343 | D:3      | Found an ornate altar of the Wu Jian Council.
  3629 | D:3      | Reached skill level 7 in Axes
  3763 | D:3      | Noticed Jessica
  3766 | D:3      | Killed Jessica
  3767 | D:3      | Reached XP level 5. HP: 44/45 MP: 5/5
  3882 | D:4      | Slain by an orc

Illustrated notes

Levels and vault maps discovered:
D:1:      mrwooster_arrival_statue_3, layout_basic, serial_forest,
          infiniplex_forest_lined_3_way, infiniplex_forest_straight_4,
          infiniplex_forest_split, infiniplex_forest_lined_2
D:2:      layout_loops_ring, basic_altar, uniq_crazy_yiuf_cottage
D:3:      layout_rooms, marbit_many_paths, mainiacjoe_overflow_cross_hatched,
          uniq_jessica
D:4:      layout_loops_ring, cheibriados_altar_1, grunt_ministairs_5,
          uniq_eustachio

Skill      XL: |  1  2  3  4 |
---------------+-------------+-----
Axes           | 5 6 7 |  7.5
Fighting       | |  3.6
Dodging        | |  2.4
Stealth        | |  1.5

Action                   |  1- 3 |  4- 6 || total
-------------------------+-------+-------++-------
Melee: Hand axe          |    84 |     7 ||    91
       Flail             |       |    39 ||    39
       Mace              |       |     1 ||     1
  Use: Scroll            |     1 |     2 ||     3
 Stab: Sleeping          |     3 |     2 ||     5
Armor: Robe              |    11 |     6 ||    17
Dodge: Dodged            |    38 |    29 ||    67

Table legend: (Time is in decaauts)
 A = Elapsed time spent in this place.
 B = Non-inter-level travel time spent in this place.
 C = Inter-level travel time spent in this place.
 D = Time resting spent in this place.
 E = Time spent auto-exploring this place.
 F = Levels seen in this place.
 G = Mean time per level.
                   A        B        C        D        E       F      G
               +--------+--------+--------+--------+--------+-----+--------+
         Total |   3890 |   3706 |    184 |    553 |   2773 |   4 |  972.5 |
       Dungeon |   3890 |   3706 |    184 |    553 |   2773 |   4 |  972.5 |
               +--------+--------+--------+--------+--------+-----+--------+

Top non-repeatable levels by time:
     D:1: 1865 daAuts
     D:2: 1361 daAuts
     D:3: 643 daAuts
     D:4: 20 daAuts
